 Dungeon Crawl Stone Soup version 0.17-a0-1481-gfdcec5c (webtiles) character file.

100 urechis the Poker (level 4, -1/30 HPs)
             Began as a Merfolk Ice Elementalist on July 4, 2015.
             Slain by an ice beast (14 damage)
             ... on level 3 of the Dungeon.
             The game lasted 00:08:33 (2781 turns).

urechis the Poker (Merfolk Ice Elementalist)        Turns: 2781, Time: 00:08:34

Health: -1/30      AC: 11    Str:  9    XL:     4   Next: 73%
Magic:  5/7        EV: 13    Int: 14    God:
Gold:   139        SH:  0    Dex: 14    Spells: 2 memorised, 3 levels left

rFire  . . .     SeeInvis .     a - +0 spear
rCold  . . .     Clarity  .     p - +0 leather armour (curse)
rNeg   . . .     SustAt   .     (no shield)
rPois  .         Gourm    .     (no helmet)
rElec  .         Spirit   .     (no cloak)
rCorr  .         Warding  .     (no gloves)
rMut   .         Stasis   .     o - +2 pair of boots
MR     .....                    (no amulet)
Stlth  +++.......               v - +1 ring of evasion
                                n - ring of stealth

@: icy armour, not resistant to hostile enchantments, fairly stealthy
A: change form in water, swift swim
a: no special abilities


You were on level 3 of the Dungeon.
You were very hungry.

You visited 1 branch of the dungeon, and saw 3 of its levels.

You collected 139 gold pieces.

Inventory:

Hand weapons
 a - a +0 spear (weapon)
Missiles
 t - 11 poisoned needles
Armour
 o - a +2 pair of boots (worn)
 p - a cursed +0 leather armour (worn)
Jewellery
 n - a ring of stealth (left hand)
 v - a +1 ring of evasion (right hand)
Scrolls
 d - 2 scrolls of noise {unknown}
 f - a scroll of magic mapping {unknown}
 g - a scroll of remove curse {unknown}
 j - a scroll of blinking {unknown}
 k - a scroll of fear {unknown}
 l - 4 scrolls of identify {unknown}
 q - 3 scrolls of teleportation {unknown}
 r - a scroll of amnesia {unknown}
Potions
 e - a potion of poison {unknown}
 h - 2 potions of agility {unknown}
 i - a potion of degeneration {unknown}
 s - a potion of curing {unknown}
 u - 2 potions of ambrosia {unknown}
Books
 b - a book of Frost

   Spells                             Type                      Level
   a - Freeze                         Ice                          1
   b - Throw Frost                    Conjuration/Ice              2
   c - Ozocubu's Armour               Charms/Ice                   3
   d - Throw Icicle                   Conjuration/Ice              4
   e - Summon Ice Beast               Ice/Summoning                4
   f - Condensation Shield            Ice                          4
Comestibles
 c - 3 bread rations
 m - a beef jerky


   Skills:
 + Level 5.0 Polearms
 - Level 2.6 Dodging
 - Level 2.1 Stealth
 - Level 2.0 Spellcasting
   Level 0.7 Conjurations
 - Level 4.2 Ice Magic


You had 3 spell levels left.
You knew the following spells:

 Your Spells              Type           Power        Failure   Level  Hunger
a - Freeze                Ice            ##..         8%          1    ##.....
b - Ozocubu's Armour      Chrm/Ice       #.......     43%         3    ####...


Dungeon Overview and Level Annotations

Branches:
Dungeon (3/15)

Altars:
Kikubaaqudgha
Makhleb
Qazlal


Message History

The ice beast is moderately wounded.
The ice beast hits you but does no damage.
You hit the ice beast but do no damage.
The ice beast is moderately wounded.
You hit the ice beast.
The ice beast is moderately wounded.
The ice beast misses you.
You hit the ice beast but do no damage.
The ice beast is moderately wounded.
The ice beast closely misses you.
You hit the ice beast but do no damage.
The ice beast is moderately wounded.
The ice beast barely misses you.
You closely miss the ice beast.
The ice beast is moderately wounded.
The ice beast hits you but does no damage.
You hit the ice beast but do no damage.
The ice beast is moderately wounded.
The ice beast hits you. The ice beast freezes you!
You die...

##### ##...... ###########
#... ....... ......(..).
#.## #..... #####..### ..<#
# #....###++#######..)..
#.##
#.#....#......#...##..#.
...#
#.#....#.≈≈.≈.#...###.#.
####
#####.#....'..≈.≈.'...###...
#
...........@.≈.≈.)'.........
#
.....%.....#Y≈.§≈.#...####..
# #########....#.)..§§#...#
##. #
#............###)'###...# #.
####..................[#...#
#.
.......................#####
## .......###.......(.....#
# .......# #.............# #
.......# #....[.########


You could see an ice beast.

Vanquished Creatures
  2 adders
  An ooze (D:2)
  3 worms
  4 giant geckos
  7 orcs
  3 ball pythons
  4 giant cockroaches
  3 goblins
  5 hobgoblins
  2 quokkas (D:3)
  6 bats
  2 giant newts (D:2)
  7 kobolds
  9 rats
58 creatures vanquished.

Notes
Turn   | Place    | Note
--------------------------------------------------------------
     0 | D:1      | urechis the Merfolk Ice Elementalist began the quest for the Orb.
     0 | D:1      | Reached XP level 1. HP: 13/13 MP: 3/3
   185 | D:1      | Reached XP level 2. HP: 17/19 MP: 5/5
   267 | D:1      | Reached skill level 4 in Ice Magic
   734 | D:2      | Reached skill level 1 in Polearms
   774 | D:2      | Reached XP level 3. HP: 24/24 MP: 4/6
   842 | D:2      | Found a burning altar of Makhleb.
   939 | D:2      | Found a faded altar to an unknown god.
  1109 | D:2      | Found a stormy altar of Qazlal.
  1785 | D:3      | Reached XP level 4. HP: 25/30 MP: 2/7
  1832 | D:3      | Found an ancient bone altar of Kikubaaqudgha.
  2038 | D:3      | Noticed an ice beast
  2073 | D:2      | HP: 1/30 [ooze (5)]
  2667 | D:3      | Learned a level 3 spell: Ozocubu's Armour
  2687 | D:3      | Reached skill level 5 in Polearms
  2781 | D:3      | Slain by an ice beast

Vault maps used:
D:1:      saegor_arrival_simple_a, roderic_lattice_a
D:2:      bloody_makhleb, ecumenical_altar_2, grunt_qazlal_clouds
D:3:      old_standard_altar, first_bread, kennysheep_generic_room_12

Action                   |  1- 3 |  4- 6 || total
-------------------------+-------+-------++-------
Melee: Whip              |    47 |       ||    47
       Spear             |    87 |   108 ||   195
 Cast: Freeze            |    15 |    12 ||    27
       Ozocubu's Armour  |       |     2 ||     2
 Stab: Sleeping          |    10 |     1 ||    11
  Eat: Chunk             |     3 |     3 ||     6
